 Dungeon Crawl Stone Soup version 0.31.0-11-ge490571c62 (webtiles) character file.

Game seed: 13470949328557893630

2321 qw the Skirmisher (level 9, -5/51 HPs)
             Began as a Deep Elf Hunter on Feb 4, 2024.
             Was a Priest of Okawaru.
             Slain by a wyvern (8 damage)
             ... on level 7 of the Dungeon.
             The game lasted 00:00:24 (4313 turns).

qw the Skirmisher (Deep Elf Hunter)                 Turns: 4313, Time: 00:00:25

Health: -5/51      AC: 15    Str: 12    XL:     9   Next: 19%
Magic:  14/14      EV: 13    Int: 15    God:    Okawaru [***...]
Gold:   282        SH:  0    Dex: 18    Spells: 8/8 levels left

rFire   . . .        e - +3 sling (heavy)
rCold   + . .        (no shield)
rNeg    + . .        f - +2 ring mail
rPois   .            b - +0 helmet
rElec   .            n - +2 cloak
rCorr   .            d - +2 pair of gloves
SInv    .            g - +0 pair of boots
Will    .....        i - amulet of regeneration
Stlth   +            j - ring of positive energy
HPRegen 1.08/turn    k - ring of protection from cold
MPRegen 0.14/turn

%: no passive effects
@: no status effects
A: no striking features
a: Renounce Religion, Heroism


You were on level 7 of the Dungeon.
You worshipped Okawaru.
Okawaru was most pleased with you.
You visited 2 branches of the dungeon, and saw 8 of its levels.

You collected 282 gold pieces.


   Skills:
 - Level 3.6 Fighting
 - Level 14.0 Ranged Weapons
 + Level 1.0 Armour
 - Level 5.1 Dodging
 - Level 1.2 Stealth
 - Level 4.0 Invocations


You had 8 spell levels left.
You didn't know any spells.
Your spell library was empty.

Inventory:

Hand Weapons
 e - a +3 heavy sling (weapon)
Armour
 b - a +0 helmet (worn)
 d - a +2 pair of gloves (worn)
 f - a +2 ring mail (worn)
 g - a +0 pair of boots (worn)
 n - a +2 cloak (worn)
Jewellery
 i - an amulet of regeneration (around neck)
 j - a ring of positive energy (left hand)
 k - a ring of protection from cold (right hand)
Wands
 m - a wand of polymorph (7)
 q - a wand of acid (12)
Potions
 a - a potion of resistance
 c - a potion of mutation
 h - a potion of cancellation {unknown}
 l - a potion of heal wounds
 o - a potion of curing

Dungeon Overview and Level Annotations

Branches:
Dungeon (7/15)             Temple (1/1) D:4

Altars:
Ashenzari
Cheibriados
Dithmenos
Fedhas
Gozag
Hepliaklqana
Makhleb
Nemelex Xobeh
Okawaru
Ru
Sif Muna
Trog
Uskayaw
Vehumet
Xom
Yredelemnul
Zin

Shops:
D:6 [

Portals:
Bailey: D:7


Message History

You shoot a sling bullet.
The sling bullet closely misses the ufetubus.
The ufetubus misses you. x2; The ufetubus closely misses you.
The ufetubus hits you but does no damage.
The wyvern bites you but does no damage.
The orc warrior completely misses you.
You shoot a sling bullet. The sling bullet hits the orc warrior!
The orc warrior is severely wounded.
The ufetubus hits you but does no damage.
The ufetubus barely misses you. The wyvern bites you!
An orc priest comes into view. It is wielding a +0 whip.
The orc warrior hits you with a +0 dire flail.
You shoot a sling bullet.
The sling bullet closely misses the orc warrior.
The ufetubus barely misses you. The ufetubus misses you.
The wyvern barely misses you. The ufetubus closely misses you.
The ufetubus misses you.
The wyvern bites you but does no damage.
You shoot a sling bullet. The sling bullet hits the orc warrior.
The orc warrior is severely wounded.
The ufetubus closely misses you. The ufetubus hits you.
The wyvern barely misses you.
The orc warrior hits you but does no damage.
An ufetubus comes into view.
The wyvern bites you.
The ufetubus hits you but does no damage.
The ufetubus hits you.
You shoot a sling bullet.
The sling bullet closely misses the orc warrior.
The ufetubus hits you but does no damage.
The ufetubus barely misses you. The wyvern bites you!
The orc closely misses you. The orc warrior closely misses you.
The ufetubus misses you. The ufetubus hits you. The wyvern barely misses you.
You shoot a sling bullet. The sling bullet hits the orc warrior.
The orc warrior is almost dead.
The ufetubus barely misses you. x2; The wyvern bites you!
The orc misses you.
The orc warrior hits you with a +0 dire flail!
The ufetubus barely misses you. x2; The orc closely misses you.
The wyvern bites you!
You die...

.......###
........#
.....#.#
....#. #
#....## ..
#.#...#.#.#
#..oo.....#
#.5@k5..)<#
#..##o#....
#.|.# .. .
##..# ... .
#..# ...
....#####..#
..
#...\......#.#
.
##.#####.....#
##.##......


You could see an orc warrior, a wyvern, an orc priest, 2 ufetubi and an orc.

Vanquished Creatures
  Grinder (D:5)
  Prince Ribbit (D:5)
  Eustachio (D:5)
  A steam dragon (D:6)
  Duvessa (D:5)
  A sky beast (D:6)
  3 black bears
  A centaur (D:6)
  A phantom (D:6)
  A kobold brigand (D:4)
  2 bullfrogs (D:6)
  Dowan (D:5)
  4 killer bees (D:6)
  A howler monkey (D:3)
  3 bombardier beetles
  4 hounds (D:5)
  3 orc priests
  4 iguanas
  6 adders
  A shadow imp (D:6)
  A white imp (D:6)
  An ufetubus (D:7)
  2 ribbon worms
  2 dart slugs
  11 orcs
  7 ball pythons
  2 bats (D:1)
  6 endoplasms
  4 giant cockroaches
  10 goblins
  15 hobgoblins
  3 jackals
  4 quokkas (D:1)
  2 frilled lizards (D:2)
  14 kobolds
  3 rats
128 creatures vanquished.

Notes
Turn   | Place    | Note
-------+----------+-------------------------------------------
     0 | D:1      | qw the Deep Elf Hunter began the quest for the Orb.
     0 | D:1      | Reached XP level 1. HP: 12/12 MP: 3/3
     0 | D:1      | 0 ||| qw: Version: 0.3-a-160-g6735b56
     0 | D:1      | 0 ||| qw: Game counter: 5487
     0 | D:1      | 0 ||| qw: Melee chars always use a shield: true
     0 | D:1      | 0 ||| qw: God list: Okawaru
     0 | D:1      | 0 ||| qw: Allow faded altars: false
     0 | D:1      | 0 ||| qw: Do Orc after clearing Dungeon:15 true
     0 | D:1      | 0 ||| qw: Do second Lair branch before Depths: true
     0 | D:1      | 0 ||| qw: Lair rune preference: random
     0 | D:1      | 0 ||| qw: Goals: Normal
     0 | D:1      | 0 ||| PLANNING D:1-11
    91 | D:1      | 91 ||| SWAPPING to +2 heavy sling.
    92 | D:1      | 92 ||| DROPPING +0 shortbow.
   103 | D:1      | Reached skill level 6 in Ranged Weapons
   103 | D:1      | Reached XP level 2. HP: 16/16 MP: 4/4
   328 | D:1      | Reached XP level 3. HP: 20/20 MP: 5/5
   759 | D:1      | 759 ||| UPGRADING to +1 pair of gloves.
   764 | D:1      | 764 ||| UPGRADING to +0 ring mail.
   774 | D:1      | 774 ||| DROPPING +0 leather armour.
   775 | D:1      | 775 ||| UPGRADING to amulet of regeneration.
   780 | D:1      | 780 ||| UPGRADING to ring of positive energy.
   781 | D:1      | 781 ||| READING scroll labelled LEPNAF HEAMEMALU.
   882 | D:1      | 882 ||| READING 2 scrolls labelled KIH KOPHAISUSA.
   882 | D:1      | 882 ||| ENCHANTING +1 pair of gloves.
   883 | D:1      | 883 ||| READING scroll of enchant armour.
   883 | D:1      | 883 ||| ENCHANTING +0 ring mail.
   884 | D:1      | 884 ||| READING 3 scrolls labelled SIDACL ZOCENO.
   884 | D:1      | 884 ||| IDENTIFYING 2 fizzy pink potions
   885 | D:1      | 885 ||| DROPPING scroll of butterflies.
   886 | D:1      | 886 ||| DROPPING 2 potions of degeneration.
   937 | D:2      | Reached skill level 7 in Ranged Weapons
  1107 | D:2      | Found a bloodstained altar of Trog.
  1210 | D:2      | Reached XP level 4. HP: 25/25 MP: 6/6
  1462 | D:2      | 1462 ||| READING 2 scrolls of identify.
  1462 | D:2      | 1462 ||| IDENTIFYING murky golden potion
  1463 | D:2      | 1463 ||| READING scroll of identify.
  1463 | D:2      | 1463 ||| IDENTIFYING puce potion
  1464 | D:2      | 1464 ||| DROPPING potion of brilliance.
  1484 | D:3      | 1484 ||| STAIRDANCE
  1490 | D:3      | 1490 ||| STAIRDANCE
  1591 | D:3      | Found a bloodstained altar of Trog.
  1637 | D:3      | Reached skill level 8 in Ranged Weapons
  1675 | D:3      | Reached XP level 5. HP: 29/29 MP: 7/7
  1681 | D:3      | 1681 ||| READING scroll of enchant armour.
  1681 | D:3      | 1681 ||| ENCHANTING +1 ring mail.
  1711 | D:3      | Noticed a black bear
  1740 | D:3      | Killed a black bear
  1741 | D:3      | Reached skill level 9 in Ranged Weapons
  2010 | D:3      | 2010 ||| UPGRADING to +0 cloak.
  2015 | D:3      | 2015 ||| DROPPING ring of wizardry.
  2016 | D:3      | 2016 ||| READING scroll labelled ININ VYPAUFY.
  2028 | D:3      | 2028 ||| READING scroll labelled VACISICVIC.
  2184 | D:4      | Found a staircase to the Ecumenical Temple.
  2185 | D:4      | 2185 ||| PLANNING TEMPLE
  2185 | D:4      | 2185 ||| READING scroll of identify.
  2185 | D:4      | 2185 ||| IDENTIFYING lumpy blue potion
  2186 | D:4      | 2186 ||| DROPPING potion of invisibility.
  2201 | Temple   | Entered the Ecumenical Temple
  2202 | Temple   | 2202 ||| PLANNING OKAWARU WORSHIP
  2208 | Temple   | Became a worshipper of Warmaster Okawaru
  2209 | Temple   | 2209 ||| PLANNING D:1-11
  2264 | D:4      | 2264 ||| READING scroll of enchant armour.
  2264 | D:4      | 2264 ||| ENCHANTING +0 cloak.
  2303 | D:4      | Found a radiant altar of Vehumet.
  2308 | D:4      | Reached XP level 6. HP: 35/35 MP: 8/8
  2456 | D:4      | 2456 ||| READING scroll of enchant armour.
  2456 | D:4      | 2456 ||| ENCHANTING +1 cloak.
  2617 | D:4      | Reached skill level 1 in Armour
  2705 | D:4      | Found a sacrificial altar of Ru.
  2775 | D:4      | 2775 ||| UPGRADING to ring of protection from cold.
  2776 | D:4      | 2776 ||| READING scroll of identify.
  2776 | D:4      | 2776 ||| IDENTIFYING sedimented golden potion
  2784 | D:5      | Entered Level 5 of the Dungeon
  2785 | D:5      | 2785 ||| STAIRDANCE
  2798 | D:4      | Reached skill level 10 in Ranged Weapons
  2842 | D:5      | Noticed Grinder
  2846 | D:5      | Killed Grinder
  2846 | D:5      | Reached * piety under Okawaru
  2847 | D:5      | Reached XP level 7. HP: 40/40 MP: 9/9
  2915 | D:5      | Reached skill level 1 in Invocations
  2953 | D:5      | Noticed Prince Ribbit
  2954 | D:5      | 2954 ||| INVOKING Heroism.
  2957 | D:5      | Killed Prince Ribbit
  3071 | D:5      | Noticed Duvessa
  3075 | D:5      | Noticed Dowan
  3077 | D:5      | Killed Duvessa
  3077 | D:5      | Reached ** piety under Okawaru
  3078 | D:5      | Reached skill level 11 in Ranged Weapons
  3078 | D:5      | Reached skill level 3 in Invocations
  3078 | D:5      | 3078 ||| INVOKING Heroism.
  3082 | D:5      | Killed Dowan
  3083 | D:5      | Reached XP level 8. HP: 37/44 MP: 9/12
  3212 | D:5      | 3212 ||| RETREEEEATING.
  3213 | D:5      | 3213 ||| RETREEEEATING.
  3230 | D:5      | Reached skill level 12 in Ranged Weapons
  3389 | D:5      | Found a shimmering altar of Xom.
  3622 | D:5      | 3622 ||| UPGRADING to +0 helmet.
  3627 | D:5      | 3627 ||| READING scroll of identify.
  3627 | D:5      | 3627 ||| IDENTIFYING fizzy purple potion
  3628 | D:5      | 3628 ||| READING scroll labelled ZUCREA TUECOR.
  3633 | D:5      | 3633 ||| READING scroll labelled PIMEAFF ZUEJA.
  3634 | D:5      | 3634 ||| READING scroll labelled KOTOTI ZOAGYT.
  3635 | D:5      | 3635 ||| DRINKING 2 pink potions.
  3636 | D:5      | 3636 ||| DROPPING potion of lignification.
  3638 | D:5      | 3638 ||| Stepping ~*~*~tactically~*~*~ (cloud).
  3688 | D:6      | Noticed Eustachio
  3692 | D:6      | 3692 ||| FLEEEEING.
  3693 | D:6      | 3693 ||| FLEEEEING.
  3694 | D:6      | 3694 ||| FLEEEEING.
  3695 | D:6      | 3695 ||| FLEEEEING.
  3696 | D:6      | 3696 ||| FLEEEEING.
  3697 | D:6      | 3697 ||| FLEEEEING.
  3698 | D:6      | 3698 ||| FLEEEEING.
  3699 | D:6      | 3699 ||| STAIRDANCE
  3701 | D:5      | 3701 ||| FLEEEEING.
  3702 | D:5      | 3702 ||| FLEEEEING.
  3703 | D:5      | 3703 ||| FLEEEEING.
  3704 | D:5      | 3704 ||| FLEEEEING.
  3705 | D:5      | 3705 ||| FLEEEEING.
  3706 | D:5      | 3706 ||| FLEEEEING.
  3707 | D:5      | 3707 ||| FLEEEEING.
  3708 | D:5      | 3708 ||| FLEEEEING.
  3709 | D:5      | 3709 ||| STAIRDANCE
  3748 | D:4      | 3748 ||| READING scroll labelled RYGHEO ENOMUCE.
  3748 | D:4      | 3748 ||| ENCHANTING +2 heavy sling.
  3778 | D:6      | 3778 ||| STAIRDANCE
  3782 | D:5      | Killed Eustachio
  3783 | D:5      | Reached skill level 3 in Fighting
  3832 | D:6      | 3832 ||| Stepping ~*~*~tactically~*~*~ (cloud).
  3835 | D:6      | 3835 ||| Stepping ~*~*~tactically~*~*~ (cloud).
  3850 | D:6      | Found a snail-covered altar of Cheibriados.
  3887 | D:6      | Found Yxzo's Armour Shoppe.
  3901 | D:6      | 3901 ||| SHOPLISTING +5 leather armour of the Blushing Gods
                  | {rF+ SInv} (497 gold, have 268).
  3911 | D:6      | Reached skill level 13 in Ranged Weapons
  3964 | D:6      | 3964 ||| RETREEEEATING.
  3967 | D:6      | 3967 ||| RETREEEEATING.
  3975 | D:6      | Reached XP level 9. HP: 38/51 MP: 14/14
  4160 | D:6      | Reached skill level 14 in Ranged Weapons
  4194 | D:6      | Reached *** piety under Okawaru
  4247 | D:6      | 4247 ||| UPGRADING to +0 pair of boots.
  4252 | D:6      | 4252 ||| DRINKING 2 cyan potions.
  4291 | D:7      | Found a flagged portal.
  4313 | D:7      | HP: 3/51 [orc warrior/+0 dire flail (13)]
  4313 | D:7      | Slain by a wyvern

Levels and vault maps discovered:
D:1:      psy_arrival_conway, layout_basic, serial_park_tiny_2,
          minmay_tromino_v4_c
D:2:      layout_loops_ring, basic_altar
D:3:      layout_basic, trog_three_pillars_becter
D:4:      layout_basic, nicolae_vehumet_altar_sigil, nicolae_ru_path_of_blood,
          minmay_temple_entry_sparse_star, feat_on_display
D:5:      layout_gridville, kennysheep_mini_moat, uniq_prince_ribbit1,
          uniq_grinder, uniq_duvessa
D:6:      layout_gridville, lemuel_round_altar, serial_shops, shop,
          uniq_eustachio
D:7:      layout_rooms, nicolae_tso_swordbearing_angel, serial_shops,
          nicolae_diamond_shop, enter_bailey_1
Temple:   nicolae_temple_x_marks_the_god

Skill      XL: |  1  2  3  4  5  6  7  8  9 |
---------------+----------------------------+-----
Ranged Weapons | 6 7 8 9 10 11 13 14 | 14.0
Fighting       | 2 3 |  3.6
Armour         | 1 |  1.0
Dodging        | 4 5 |  5.1
Invocations    | 3 4 |  4.0
Stealth        | |  1.2

Action                     |  1- 3 |  4- 6 |  7- 9 || total
---------------------------+-------+-------+-------++-------
   Fire: Shortbow          |    17 |       |       ||    17
         Sling             |    63 |   122 |   143 ||   328
 Invoke: Heroism           |       |       |     2 ||     2
    Use: Scroll            |     4 |     9 |     5 ||    18
         Potion            |       |       |     2 ||     2
 Armour: Ring mail         |     8 |   114 |   126 ||   248
         Skin              |       |       |     2 ||     2
  Dodge: Dodged            |     7 |    94 |   109 ||   210

Table legend:
 A = Non-vault XP
 B = Vault XP
 C = Vault XP percentage of total XP
 D = Non-vault monster count
 E = Vault monster count
 F = Vault count percentage of total count
                 A         B        C        D         E       F
            +---------+---------+-------+---------+---------+-------
      Total |    2385 |     932 |  28.1 |     121 |       7 |   5.5
            +---------+---------+-------+---------+---------+-------
        D:1 |      51 |       4 |   7.3 |      27 |       2 |   6.9
        D:2 |      59 |       0 |   0.0 |      25 |       0 |   0.0
        D:3 |     225 |       0 |   0.0 |      11 |       0 |   0.0
        D:4 |     326 |       0 |   0.0 |      22 |       0 |   0.0
        D:5 |     590 |     928 |  61.1 |      17 |       5 |  22.7
        D:6 |    1123 |       0 |   0.0 |      17 |       0 |   0.0
        D:7 |      11 |       0 |   0.0 |       2 |       0 |   0.0
            +---------+---------+-------+---------+---------+-------
